 Dungeon Sprint DCSS version 0.23-a0-814-g91b4073 (webtiles) character file.

365562 TheOrbIsALie the Ruinous (level 16, 80/98 HPs)
             Began as a Gargoyle Earth Elementalist on Jan 21, 2019.
             Was the Champion of Sif Muna.
             Escaped with the Orb!
             The game lasted 00:37:15 (6475 turns).

TheOrbIsALie the Ruinous (GrEE)                     Turns: 6475, Time: 00:37:15

Health: 80/98      AC: 23    Str: 13    XL:     16   Next: 58%
Magic:  39/50      EV: 24    Int: 26    God:    Sif Muna [******]
Gold:   5467       SH:  0    Dex: 16    Spells: 23/57 levels left

rFire    + . .     SeeInvis +   L - staff of earth
rCold    + . .     Gourm    .   (no shield)
rNeg     + . .     Faith    .   y - +4 moon troll leather armour {Spirit, Regen++ MP+5}
rPois    ∞         Spirit   +   (helmet restricted)
rElec    +         Reflect  .   (no cloak)
rCorr    +         Harm     .   n - +2 pair of gloves of Nadghaipn {rCorr Int-3 Dex+6 SInv}
MR       ++...     NoTele   +   (no boots)
Stlth    +.........             N - amulet "Teapn" {Spirit MR+ Int+2}
HPRegen  1.06/turn              G - ring "Ehaatz" {rElec rC+ Int+3}
MPRegen  0.32/turn              s - ring of protection from fire

@: flying, studying Slings, divine energy
A: antennae 1, big wings, claws 1, clever 1, high mp 1, negative energy
resistance 1, sense surroundings 1, electricity resistance, unbreathing,
petrification resistance, rot immunity, AC +12
0: Orb of Zot
a: Stop Flying, Stop Divine Energy, Channel Magic, Forget Spell, Renounce
Religion


You escaped.
You worshipped Sif Muna.
Sif Muna was exalted by your worship.
You were not hungry.

You visited 1 branch You collected 5960 gold pieces.
You spent 493 gold pieces at shops.

Inventory:

Missiles
 b - 52 stones (quivered)
Armour
 c - a +0 robe
 n - the +2 pair of gloves of Nadghaipn (worn) {rCorr Int-3 Dex+6 SInv}
   (You found it in the Dungeon)

   It affects your intelligence (-3).
   It affects your dexterity (+6).
   It lets you see invisible.
   It provides partial protection from all sources of acid and corrosion.
 w - a +0 hat
 y - the +4 moon troll leather armour (worn) {Spirit, Regen++ MP+5}
   (You found it in the Dungeon)

   It affects your magic capacity (+5).
   It increases your rate of regeneration.
 B - a +2 pair of gloves
 M - a +0 helmet of see invisible
 P - a +2 helmet
Magical Staves
 z - an uncursed staff of death
 A - an uncursed staff of fire
 K - an uncursed staff of cold
 L - an uncursed staff of earth (weapon)
Jewellery
 s - a ring of protection from fire (right hand)
 C - a +4 ring of evasion
 E - an uncursed ring of magical power
 F - the ring "Ulai" {rN+ SInv}
   (You found it in the Dungeon)

   [ring of positive energy]

   It protects you from negative energy.
   It lets you see invisible.
 G - the ring "Ehaatz" (left hand) {rElec rC+ Int+3}
   (You found it in the Dungeon)

   [ring of protection from cold]

   It affects your intelligence (+3).
   It protects you from cold.
   It insulates you from electricity.
 I - a +3 ring of strength
 J - an uncursed ring of protection from cold
 N - the amulet "Teapn" (around neck) {Spirit MR+ Int+2}
   (You found it in the Dungeon)

   [amulet of guardian spirit]

   It causes incoming damage to be split between your health and magic.
   It affects your intelligence (+2).
   It affects your resistance to hostile enchantments.
Wands
 O - a wand of disintegration (11)
Scrolls
 a - 9 scrolls of remove curse {unknown}
 i - 2 scrolls of amnesia {unknown}
 j - a scroll of blinking
 k - a scroll of random uselessness {unknown}
 l - a scroll of enchant armour {unknown}
 t - a scroll of magic mapping {unknown}
 v - 2 scrolls of fog {unknown}
 x - 11 scrolls of acquirement {unknown}
Potions
 e - 4 potions of curing
 f - a potion of heal wounds
 g - 2 potions of haste
 h - 29 potions of magic
 m - 2 potions of might
 p - 3 potions of resistance
 q - 15 potions of flight {unknown}
 r - a potion of ambrosia
 u - 2 potions of agility
 H - 22 potions of mutation
Books
 o - a manual of Slings
Miscellaneous
 D - 3 phantom mirrors
Comestibles
 d - 9 rations


   Skills:
 - Level 10.5 Fighting
 - Level 17.2 Dodging
 - Level 2.1 Stealth
 + Level 21.2 Spellcasting
 + Level 21.6 Conjurations
   Level 0.7 Transmutations
 - Level 20.2 Earth Magic
 - Level 14.1 Invocations


You had 23 spell levels left.
You knew the following spells:

 Your Spells              Type           Power        Failure   Level  Hunger
a - Sandblast             Erth           ######       0%          1    None
b - Stone Arrow           Conj/Erth      ######       0%          3    None
c - Lee's Rapid Deconstr  Erth           ########..   0%          5    None
d - Borgnjor's Vile Clut  Necr/Erth      #######...   1%          5    None
e - Iron Shot             Conj/Erth      ########..   1%          6    None
f - Lehudib's Crystal Sp  Conj/Erth      ########..   2%          8    #####..
g - Conjure Ball Lightni  Conj/Air       ######....   3%          6    None

Your spell library contained the following spells:

 Spells                   Type           Power        Failure   Level  Hunger
 Magic Dart               Conj           ####         0%          1    None
 Searing Ray              Conj           ######       0%          2    None
 Iskenderun's Mystic Bla  Conj           #######.     0%          4    None
 Animate Skeleton         Necr           N/A          1%          1    None
 Corona                   Hex            ####...      1%          1    None
 Flame Tongue             Conj/Fire      #####        1%          1    None
 Freeze                   Ice            ####         1%          1    None
 Pain                     Necr           ####         1%          1    None
 Shock                    Conj/Air       ####         1%          1    None
 Sting                    Conj/Pois      ####         1%          1    None
 Summon Butterflies       Summ           ####....     1%          1    None
 Passwall                 Tmut/Erth      #######.     1%          2    None
 Throw Flame              Conj/Fire      ######       1%          2    None
 Throw Frost              Conj/Ice       ######       1%          2    None
 Conjure Flame            Conj/Fire      ######..     1%          3    None
 Dazzling Spray           Conj/Hex       ######       1%          3    None
 Mephitic Cloud           Conj/Pois/Air  ######..     1%          3    None
 Static Discharge         Conj/Air       ######..     1%          3    None
 Force Lance              Conj/Tloc      ######..     1%          4    None
 Leda's Liquefaction      Hex/Erth       #######...   1%          4    None
 Petrify                  Tmut/Erth      #######.     1%          4    None
 Sticky Flame             Conj/Fire      ######..     1%          4    None
 Throw Icicle             Conj/Ice       ######..     1%          4    None
 Bolt of Draining         Conj/Necr      ######....   1%          5    None
 Bolt of Magma            Conj/Fire/Erth ########..   1%          5    None
 Fireball                 Conj/Fire      ######....   1%          5    None
 Irradiate                Conj/Tmut      ######....   1%          5    None
 Iskenderun's Battlesphe  Conj/Chrm      ######..     1%          5    None
 Lightning Bolt           Conj/Air       ######....   1%          5    None
 Venom Bolt               Conj/Pois      ######....   1%          5    None
 Orb of Destruction       Conj           #######...   1%          7    ####...
 Blink                    Tloc           N/A          2%          2    None
 Call Imp                 Summ           ####....     2%          2    None
 Corpse Rot               Necr           N/A          2%          2    None
 Ensorcelled Hibernation  Hex/Ice        ####..       2%          2    None
 Poisonous Vapours        Pois/Air       ####..       2%          2    None
 Slow                     Hex            ####....     2%          2    None
 Bolt of Cold             Conj/Ice       ######....   3%          6    None
 Bolt of Fire             Conj/Fire      ######....   3%          6    None
 Poison Arrow             Conj/Pois      ######....   3%          6    None
 Call Canine Familiar     Summ           ####....     5%          3    None
 Confuse                  Hex            ####....     5%          3    None
 Inner Flame              Hex/Fire       ####....     5%          3    None
 Ozocubu's Armour         Chrm/Ice       ####....     5%          3    None
 Recall                   Summ/Tloc      N/A          5%          3    None
 Regeneration             Chrm/Necr      ####......   5%          3    None
 Spectral Weapon          Hex/Chrm       ####....     5%          3    None
 Summon Guardian Golem    Hex/Summ       ####....     5%          3    None
 Tukima's Dance           Hex            ####....     5%          3    None
 Vampiric Draining        Necr           ####......   5%          3    None
 Freezing Cloud           Conj/Ice/Air   ######....   14%         6    None
 Ice Form                 Ice/Tmut       ####....     16%         4    None
 Animate Dead             Necr           N/A          19%         4    None
 Cause Fear               Hex            ####......   19%         4    None
 Olgreb's Toxic Radiance  Pois           ####....     19%         4    None
 Summon Ice Beast         Ice/Summ       ####....     19%         4    None
 Spellforged Servitor     Conj/Summ      ######....   19%         7    ####...
 Yara's Violent Unravell  Hex/Tmut       ####......   41%         5    None
 Shatter                  Erth           ########..   41%         9    #######
 Metabolic Englaciation   Hex/Ice        ####......   45%         5    None
 Silence                  Hex/Air        ####......   45%         5    None
 Summon Mana Viper        Hex/Summ       ####....     45%         5    None
 Chain Lightning          Conj/Air       ######....   82%         8    #####..
 Darkness                 Hex            ####......   96%         6    None
 Death Channel            Necr           ####......   96%         6    None
 Deflect Missiles         Chrm/Air       ####......   96%         6    None
 Ozocubu's Refrigeration  Ice            ####......   96%         6    None
 Shadow Creatures         Summ           N/A          96%         6    None
 Simulacrum               Ice/Necr       ####......   96%         6    None
 Dragon Form              Tmut           ####......   100%        7    ####...
 Haunt                    Necr/Summ      ####......   100%        7    ####...
 Ring of Flames           Chrm/Fire      ####......   100%        7    ####...
 Summon Greater Demon     Summ           ####......   100%        7    ####...
 Summon Hydra             Summ           ####......   100%        7    ####...
 Discord                  Hex            ####......   100%        8    #####..
 Ignition                 Fire           ####......   100%        8    #####..
 Infestation              Necr           ####......   100%        8    #####..
 Necromutation            Tmut/Necr      ####......   100%        8    #####..
 Summon Horrible Things   Summ           ####......   100%        8    #####..
 Dragon's Call            Summ           ####......   100%        9    #######
 Fire Storm               Conj/Fire      ######....   100%        9    #######
 Tornado                  Air            ####......   100%        9    #######
 Statue Form              Tmut/Erth      Unusable     N/A         6    N/A

Dungeon Overview and Level Annotations

Branches:
Dungeon (1/1)

Altars:
Cheibriados
Dithmenos
Elyvilon
Fedhas
Gozag
Hepliaklqana
Kikubaaqudgha
Makhleb
Nemelex Xobeh
Okawaru
Qazlal
Ru
Sif Muna
Trog
Uskayaw
Vehumet
Wu Jian
Xom
Yredelemnul
Zin
The Shining One
Beogh
Jiyva
Lugonu

Shops:
D %%:**(:?*%:(}[%[=[%!:[!*:?=*(%}(!%:=*


Innate Abilities, Weirdness & Mutations

You are resistant to torment.
Your stone body is resilient. (AC +12)
You are immune to poison.
Your large and strong wings let you fly indefinitely.
You resist negative energy. (rN+)
You are resistant to electric shocks. (rElec)
You can survive without breathing.
You are immune to petrification.
You are immune to rotting.
You have a pair of small antennae on your head.
You have sharp fingernails.
Your mind is acute. (Int +2)
You have an increased reservoir of magic. (+10% MP)
You passively map a small area around you.


Message History

a +0 arbalest; 10 bolts A lorocyproca comes into view.
Zuze conjures a glowing orb.
An orb of destruction comes into view.
Your blink will be uncontrolled - continue anyway?
The Orb prevents control of your translocation!
You blink.
As you read the scroll of blinking, it crumbles to dust.
Really fly into a travel-excluded area?
The orb of destruction hits you!!!
Zuze launches a ball of destructive magic.
An orb of destruction comes into view.
The orb of destruction moves out of view.
There is an open door here.
You see here a +0 trident.
There is an open door here.
Zuze gestures.
There is a staircase leading out of the dungeon here.
Zuze conjures an orb of pure magic.
You have escaped!

##########≈≈#'[°.'○(#####..^.#.##
#########≈≈≈.)(......#..'.^..#..#
.....∩.∩#≈≈≈≈..#'##..#..####.#..#
....∩.∩.#≈≈≈≈.#..###.####..'.##.#
...∩.∩..#≈≈≈≈#..##.#....#..#.^.##
..∩.∩...#≈≈.###.#.####..#####..##
.⌠.∩....#≈.#.###'###.##..#..'..#.
..∩.∩...#≈#.#.##.##...#..#..#.^#.
...∩.∩..'≈'###'.@b'.##+..####..##
....∩.∩.#≈#.#.##.##...#....###...
▓▓▓▓▓▓###≈##.###b###.##.....○≈1)≈
(..######≈≈####bb*####≈°...○.≈#'#
...#..'.##≈≈≈#.b#&.#≈2°≈§≈≈..≈#_.
∩.(')(#'##'#≈##..b##≈≈≈&≈≈≈≈.≈#._
...#.##§##(#≈≈##'##{≈≈*≈§§§≈≈≈#_.
..†###§§.####≈≈≈≈≈≈≈≈≈≈≈≈§§≈≈§#._
#'###≈≈§≈.# #+++#+++#≈≈≈≈≈§§§≈#_.


You could see Zuze.

Vanquished Creatures
  the Lernaean hydra (D)
  2 golden dragons (D)
  A bone dragon (D)
  A hellephant (D)
  An electric golem (D)
  A deep elf master archer (D)
  A deep elf blademaster (D)
  Murray (D)
  A kraken (D)
  3 quicksilver dragons (D)
  2 sphinxes (D)
  Gastronok (D)
  2 storm dragons (D)
  Roxanne (D)
  A frost giant (D)
  A cacodemon (D)
  A draconian shifter (D)
  An orc warlord (D)
  3 lorocyprocas (D)
  Nessos (D)
  A dire elephant (D)
  A crystal guardian (D)
  A fire dragon (D)
  A great orb of eyes (D)
  An ice dragon (D)
  A centaur warrior (D)
  A death yak (D)
  2 hell hogs (D)
  Sonja (D)
  An iron golem (D)
  3 sixfirhies (D)
  A skeletal warrior (D)
  2 unseen horrors (D)
  2 deep trolls (D)
  2 death drakes (D)
  An obsidian statue (D)
  A shadow demon (D)
  A glowing orange brain (D)
  An orange crystal statue (D)
  An oklob plant (D)
  A harpy (D)
  3 orc sorcerers (D)
  3 manticores (D)
  2 slime creatures (D)
  15 shining eyes (D)
  An elephant (D)
  A merfolk siren (D)
  3 toenail golems (D)
  An eye of devastation (D)
  2 spiny frogs (D)
  A kobold demonologist (D)
  A yaktaur (D)
  3 polar bears (D)
  A hornet (D)
  5 hippogriffs (D)
  2 wyverns (D)
  18 flying skulls (D)
  2 redbacks (D)
  Menkaure (D)
  2 soldier ants (D)
  10 floating eyes (D)
  2 swamp drakes (D)
  5 necrophages (D)
  3 black bears (D)
  3 crocodiles (D)
  2 earth elementals (D)
  A scorpion (D)
  4 lava snakes (D)
  A jelly (D)
  An iron imp (D)
  4 orc priests (D)
  A spectral adder (D)
  3 worms (D)
  A spectral bat (D)
  A ballistomycete (D)
  A ballistomycete spore (D)
  4 tentacles (D)
168 creatures vanquished.

Vanquished Creatures (others)
  Kirke (D)
  A yaktaur captain (D)
  A deep elf high priest (D)
  18 ball lightnings (D)
  3 yaks (D)
  A soldier ant (D)
  A crocodile (D)
  A ballistomycete spore (D)
  18 tentacles (D)
45 creatures vanquished.

Grand Total: 213 creatures vanquished

Notes
Turn   | Place    | Note
-------+----------+-------------------------------------------
     0 | D        | TheOrbIsALie the Gargoyle Earth Elementalist began the
                  | quest for the Orb.
     0 | D        | Reached XP level 1. HP: 10/10 MP: 3/3
     4 | D        | Noticed a necrophage
     4 | D        | Noticed a necrophage
     4 | D        | Noticed a necrophage
     4 | D        | Noticed a necrophage
    12 | D        | Killed a necrophage
    12 | D        | Reached skill level 5 in Spellcasting
    12 | D        | Reached XP level 2. HP: 10/15 MP: 4/8
    12 | D        | Reached XP level 3. HP: 13/19 MP: 4/9
    12 | D        | Reached XP level 4. HP: 17/24 MP: 4/11
    17 | D        | Killed a necrophage
    17 | D        | Reached skill level 10 in Earth Magic
    17 | D        | Reached XP level 5. HP: 19/28 MP: 4/14
    22 | D        | Killed a crocodile
    27 | D        | Killed a necrophage
    27 | D        | Reached XP level 6. HP: 15/32 MP: 4/16
    30 | D        | Killed a necrophage
   250 | D        | Noticed a hippogriff
   250 | D        | Noticed a hippogriff
   254 | D        | Killed a hippogriff
   254 | D        | Reached XP level 7. HP: 33/36 MP: 13/19
   257 | D        | Killed a hippogriff
   257 | D        | Reached skill level 10 in Spellcasting
   341 | D        | Noticed a merfolk siren
   344 | D        | Killed a merfolk siren
   344 | D        | Reached XP level 8. HP: 37/41 MP: 18/23
   356 | D        | Found Busa's Food Emporium.
   358 | D        | Found Rocvaf's General Store.
   360 | D        | Found Baesosyena's Distillery.
   360 | D        | Found Muplur's Antique Armour Emporium.
   360 | D        | Found Botuxaev's Book Shoppe.
   362 | D        | Reached skill level 15 in Earth Magic
   363 | D        | Found Uhis Qol's Jewellery Emporium.
   363 | D        | Found Boosch's Antique Armour Shoppe.
   364 | D        | Found Qetamiy's Jewellery Shoppe.
   364 | D        | Found Zumeyj's Food Emporium.
   365 | D        | Found Iqiemext's Antique Weapon Shoppe.
   365 | D        | Found Odeseig's Book Emporium.
   366 | D        | Found Hammo Torraa's Weapon Shoppe.
   366 | D        | Found Ronnojyarr's Distillery.
   367 | D        | Found Cediw's Gadget Shoppe.
   367 | D        | Found Eliwkew's Magic Scroll Emporium.
   370 | D        | Noticed Menkaure
   370 | D        | Noticed an oklob plant
   378 | D        | Killed Menkaure
   379 | D        | Found Hiekk's Book Shoppe.
   383 | D        | Noticed an ice dragon
   420 | D        | Noticed a flying skull
   420 | D        | Noticed a flying skull
   420 | D        | Noticed a flying skull
   420 | D        | Noticed a flying skull
   420 | D        | Noticed a flying skull
   420 | D        | Noticed a flying skull
   420 | D        | Noticed a flying skull
   421 | D        | Noticed a flying skull
   421 | D        | Noticed a flying skull
   422 | D        | Noticed a flying skull
   423 | D        | Noticed a flying skull
   423 | D        | Noticed a flying skull
   428 | D        | Learned a level 3 spell: Stone Arrow
   434 | D        | Learned a level 5 spell: Lee's Rapid Deconstruction
   436 | D        | Killed a flying skull
   437 | D        | Killed a flying skull
   437 | D        | Killed a flying skull
   437 | D        | Reached XP level 9. HP: 29/45 MP: 13/25
   620 | D        | Found an iron altar of Okawaru.
   620 | D        | Found a radiant altar of Vehumet.
   621 | D        | Found a sparkling altar of Nemelex Xobeh.
   621 | D        | Found a hide-covered altar of Uskayaw.
   621 | D        | Found a glowing silver altar of Zin.
   622 | D        | Found an opulent altar of Gozag.
   622 | D        | Found a burning altar of Makhleb.
   622 | D        | Found a bloodstained altar of Trog.
   623 | D        | Found a blossoming altar of Fedhas.
   623 | D        | Found a corrupted altar of Lugonu.
   623 | D        | Found a basalt altar of Yredelemnul.
   623 | D        | Found a deep blue altar of Sif Muna.
   624 | D        | Found a white marble altar of Elyvilon.
   624 | D        | Found an ancient bone altar of Kikubaaqudgha.
   625 | D        | Found a shadowy altar of Dithmenos.
   625 | D        | Found a viscous altar of Jiyva.
   626 | D        | Found a snail-covered altar of Cheibriados.
   628 | D        | Found a roughly hewn altar of Beogh.
   628 | D        | Found a shimmering altar of Xom.
   628 | D        | Found a sacrificial altar of Ru.
   628 | D        | Found a hazy altar of Hepliaklqana.
   628 | D        | Noticed a hornet
   628 | D        | Noticed a polar bear
   628 | D        | Noticed a polar bear
   630 | D        | Killed a polar bear
   630 | D        | Reached XP level 10. HP: 50/50 MP: 17/28
   631 | D        | Reached skill level 15 in Spellcasting
   632 | D        | Found a glowing golden altar of the Shining One.
   632 | D        | Found an ornate altar of the Wu Jian Council.
   632 | D        | Found a stormy altar of Qazlal.
   638 | D        | Became a worshipper of Sif Muna the Loreminder
   748 | D        | Found the +7 great mace "Firestarter" {inner flame, rF++}
   751 | D        | Noticed a kraken
   863 | D        | Killed a kraken
   863 | D        | Reached * piety under Sif Muna
   863 | D        | Reached ** piety under Sif Muna
  1014 | D        | Reached *** piety under Sif Muna
  1091 | D        | Noticed an obsidian statue
  1117 | D        | Killed an obsidian statue
  1117 | D        | Reached XP level 11. HP: 54/54 MP: 15/31
  1118 | D        | Noticed a sixfirhy
  1121 | D        | Noticed a sixfirhy
  1124 | D        | Noticed a sixfirhy
  1165 | D        | Found Xitaahan's Book Shoppe.
  1166 | D        | Found Umaiqovi's Distillery.
  1196 | D        | Killed a sixfirhy
  1196 | D        | Reached **** piety under Sif Muna
  1198 | D        | Killed a sixfirhy
  1200 | D        | Killed a sixfirhy
  1200 | D        | Reached ***** piety under Sif Muna
  1369 | D        | Noticed Gastronok
  1375 | D        | Killed Gastronok
  1375 | D        | Identified Bunah's Volume of Displacement and Confrontation
                  | (Sif Muna gifted it to you in the Dungeon)
  1375 | D        | Received a gift from Sif Muna
  1493 | D        | Found the +4 moon troll leather armour {Spirit, Regen++
                  | MP+5}
  1493 | D        | Found Feguoj's Magic Scroll Shoppe.
  1494 | D        | Found Menug's General Store.
  1496 | D        | Noticed Nessos
  1499 | D        | Killed Nessos
  1511 | D        | Bought a scroll of identify for 28 gold pieces
  1690 | D        | Noticed a dire elephant
  1690 | D        | Noticed an orc sorcerer
  1690 | D        | Noticed an orc sorcerer
  1690 | D        | Noticed an orc sorcerer
  1696 | D        | Killed an orc sorcerer
  1707 | D        | Killed a dire elephant
  1710 | D        | Killed an orc sorcerer
  1711 | D        | Killed an orc sorcerer
  1711 | D        | Reached skill level 10 in Fighting
  1883 | D        | Got a wavering amber ring
  1905 | D        | Identified the ring "Ehaatz" {rElec rC+ Int+3} (You found
                  | it in the Dungeon)
  1928 | D        | Noticed an orange crystal statue
  1929 | D        | Killed an orange crystal statue
  1929 | D        | Reached XP level 12. HP: 78/78 MP: 33/34
  1990 | D        | Reached skill level 5 in Invocations
  2058 | D        | Noticed a crystal guardian
  2060 | D        | Killed a crystal guardian
  2060 | D        | Received a gift from Sif Muna
  2062 | D        | Reached skill level 10 in Invocations
  2070 | D        | Learned a level 5 spell: Borgnjor's Vile Clutch
  2197 | D        | Killed a deep elf master archer
  2342 | D        | Reached skill level 5 in Conjurations
  2385 | D        | Noticed a fire dragon
  2388 | D        | Noticed a death yak
  2406 | D        | Identified Sif Muna's Reference Book on Gliding Combat
                  | Magic (Sif Muna gifted it to you in the Dungeon)
  2406 | D        | Received a gift from Sif Muna
  2411 | D        | Killed a fire dragon
  2446 | D        | Reached ****** piety under Sif Muna
  2448 | D        | Reached skill level 10 in Conjurations
  2687 | D        | Killed a death yak
  2803 | D        | Learned a level 6 spell: Iron Shot
  2821 | D        | Noticed an electric golem
  2821 | D        | Noticed an iron golem
  2826 | D        | Reached XP level 13. HP: 70/83 MP: 19/35
  2827 | D        | Killed an electric golem
  2827 | D        | Received a gift from Sif Muna
  3016 | D        | Noticed a golden dragon
  3020 | D        | Killed a golden dragon
  3020 | D        | Identified Ukoota's Almanac of Attacks (Sif Muna gifted it
                  | to you in the Dungeon)
  3020 | D        | Received a gift from Sif Muna
  3020 | D        | Reached skill level 15 in Conjurations
  3159 | D        | Found Suceecen's Assorted Antiques.
  3159 | D        | Found Eraug's Jewellery Shop.
  3159 | D        | Found Qetuud's Food Emporium.
  3159 | D        | Found Qine's Antique Weapon Boutique.
  3159 | D        | Noticed a storm dragon
  3162 | D        | Killed a storm dragon
  3257 | D        | Learned a level 8 spell: Lehudib's Crystal Spear
  3261 | D        | Noticed Kirke
  3261 | D        | Noticed a yaktaur captain
  3263 | D        | Identified Judwe's Collected Works on Battle Magic (Sif
                  | Muna gifted it to you in the Dungeon)
  3263 | D        | Received a gift from Sif Muna
  3269 | D        | Noticed a storm dragon
  3277 | D        | Killed a yaktaur captain
  3315 | D        | Killed a deep elf high priest
  3334 | D        | Killed a storm dragon
  3362 | D        | Killed Kirke
  3445 | D        | Noticed a golden dragon
  3450 | D        | Killed a golden dragon
  3450 | D        | Identified Sif Muna's Almanac of the Warped Snowflakes (Sif
                  | Muna gifted it to you in the Dungeon)
  3450 | D        | Received a gift from Sif Muna
  3454 | D        | Noticed a cacodemon
  3457 | D        | Noticed a bone dragon
  3460 | D        | Killed a cacodemon
  3465 | D        | Killed a bone dragon
  3465 | D        | Gained mutation: Your large and strong wings let you fly
                  | indefinitely. [Gargoyle growth]
  3465 | D        | Reached XP level 14. HP: 88/88 MP: 3/36
  3492 | D        | Noticed a frost giant
  3500 | D        | Killed a frost giant
  3768 | D        | Reached skill level 10 in Dodging
  3768 | D        | Gained mutation: You tend to lose your temper in combat. [a
                  | shining eye]
  3771 | D        | Gained mutation: You are weak. (Str -2) [a shining eye]
  3789 | D        | Found Kuhysuar's Food Emporium.
  3789 | D        | Found Qetutuop's General Store.
  3789 | D        | Found Capnub's Food Shop.
  3789 | D        | Found Tytomy's Weapon Shoppe.
  3789 | D        | Found Loc Kak's Food Boutique.
  3834 | D        | Found Fyez's General Store.
  3834 | D        | Found Yfena's Gadget Boutique.
  3834 | D        | Found Baihixoo's Antique Armour Emporium.
  3834 | D        | Found Begar's Assorted Antiques.
  3834 | D        | Found Jolul's Armour Emporium.
  3834 | D        | Found Sietunuf's Food Shop.
  3834 | D        | Found Huwaton's Book Shoppe.
  3841 | D        | Bought a +2 pair of gloves for 165 gold pieces
  3857 | D        | Bought a ration for 50 gold pieces
  3857 | D        | Bought a ration for 50 gold pieces
  3857 | D        | Bought a ration for 50 gold pieces
  3857 | D        | Bought a ration for 50 gold pieces
  3857 | D        | Bought a ration for 50 gold pieces
  3857 | D        | Bought a ration for 50 gold pieces
  3920 | D        | Noticed a sphinx
  3920 | D        | Noticed a sphinx
  3923 | D        | Killed a sphinx
  3925 | D        | Killed a sphinx
  4015 | D        | Got an ancient steel ring
  4018 | D        | Identified the ring "Ulai" {rN+ SInv} (You found it in the
                  | Dungeon)
  4136 | D        | Noticed Roxanne
  4140 | D        | Killed Roxanne
  4144 | D        | Noticed an orc warlord
  4253 | D        | Noticed the 27-headed Lernaean hydra
  4264 | D        | Received a gift from Sif Muna
  4468 | D        | Killed an orc warlord
  4620 | D        | Killed the 27-headed Lernaean hydra
  4620 | D        | Reached skill level 15 in Dodging
  4633 | D        | Found Dyolub's Book Shoppe.
  4665 | D        | Identified the Grimoire of Conjuration
  4671 | D        | Got a pair of translucent gloves
  4673 | D        | Got a faintly glowing amethyst amulet
  4674 | D        | Identified the amulet "Teapn" {Spirit MR+ Int+2} (You found
                  | it in the Dungeon)
  4686 | D        | Identified the +2 pair of gloves of Nadghaipn {rCorr Int-3
                  | Dex+6 SInv} (You found it in the Dungeon)
  4793 | D        | Noticed a red draconian shifter
  4793 | D        | Noticed Sonja
  4793 | D        | Noticed a hellephant
  4801 | D        | Killed Sonja
  4930 | D        | Killed a hellephant
  5116 | D        | Killed a red draconian shifter
  5116 | D        | Reached XP level 15. HP: 93/93 MP: 6/37
  5228 | D        | Identified Sif Muna's Lost Tome of the Greatest Mummy (Sif
                  | Muna gifted it to you in the Dungeon)
  5228 | D        | Received a gift from Sif Muna
  5288 | D        | Noticed a deep elf blademaster
  5309 | D        | Killed a deep elf blademaster
  5645 | D        | Learned a level 6 spell: Conjure Ball Lightning
  5650 | D        | Gained mutation: Scrolls take you a little longer to read.
                  | [a shining eye]
  5650 | D        | Gained mutation: Your body sometimes deteriorates upon
                  | taking damage. [a shining eye]
  5651 | D        | Gained mutation: Scrolls take you longer to read. [a
                  | shining eye]
  5653 | D        | Paralysed by a floating eye for 4 turns
  5654 | D        | Gained mutation: Your body often deteriorates upon taking
                  | damage. [a shining eye]
  5658 | D        | Gained mutation: You are frail. (-10% HP) [a shining eye]
  5658 | D        | Gained mutation: You are very frail. (-20% HP) [a shining
                  | eye]
  5659 | D        | Paralysed by a floating eye for 4 turns
  5659 | D        | Gained mutation: You are clumsy. (Dex -2) [a shining eye]
  5665 | D        | Paralysed by a floating eye for 3 turns
  5669 | D        | Identified Sif Muna's Almanac of Creative Arcane Weapons
                  | (Sif Muna gifted it to you in the Dungeon)
  5669 | D        | Received a gift from Sif Muna
  5680 | D        | Gained mutation: You are very clumsy. (Dex -4) [a shining
                  | eye]
  5700 | D        | Reached XP level 16. HP: 78/78 MP: 13/39
  5701 | D        | Lost mutation: You are weak. (Str -2) [potion of mutation]
  5701 | D        | Lost mutation: You are very frail. (-20% HP) [potion of
                  | mutation]
  5701 | D        | Gained mutation: You expend magic power (3 MP) to
                  | strengthen your wands. [potion of mutation]
  5701 | D        | Gained mutation: You have a pair of small horns on your
                  | head. [potion of mutation]
  5702 | D        | Gained mutation: Your spells are a little easier to cast,
                  | but a little less powerful. [a shining eye]
  5705 | D        | Gained mutation: Armour fits poorly on your strangely
                  | shaped body. [a shining eye]
  5708 | D        | Identified Sif Muna's Handbook of Evil Rituals (Sif Muna
                  | gifted it to you in the Dungeon)
  5708 | D        | Received a gift from Sif Muna
  5897 | D        | Lost mutation: You expend magic power (3 MP) to strengthen
                  | your wands. [potion of mutation]
  5897 | D        | Lost mutation: You are frail. (-10% HP) [potion of
                  | mutation]
  5897 | D        | Lost mutation: You tend to lose your temper in combat.
                  | [potion of mutation]
  5897 | D        | Lost mutation: You have a pair of small horns on your head.
                  | [potion of mutation]
  5897 | D        | Lost mutation: Armour fits poorly on your strangely shaped
                  | body. [potion of mutation]
  5897 | D        | Gained mutation: Your mind is acute. (Int +2) [potion of
                  | mutation]
  5898 | D        | Lost mutation: Your spells are a little easier to cast, but
                  | a little less powerful. [potion of mutation]
  5898 | D        | Lost mutation: Your mind is acute. (Int +2) [potion of
                  | mutation]
  5898 | D        | Lost mutation: Scrolls take you longer to read. [potion of
                  | mutation]
  5898 | D        | Gained mutation: You do not regenerate when monsters are
                  | visible. [potion of mutation]
  5898 | D        | Gained mutation: You have sharp fingernails. [potion of
                  | mutation]
  5899 | D        | Lost mutation: Scrolls take you a little longer to read.
                  | [potion of mutation]
  5899 | D        | Lost mutation: Your body often deteriorates upon taking
                  | damage. [potion of mutation]
  5899 | D        | Lost mutation: You are very clumsy. (Dex -4) [potion of
                  | mutation]
  5899 | D        | Gained mutation: You expend magic power (3 MP) to
                  | strengthen your wands. [potion of mutation]
  5899 | D        | Gained mutation: You occasionally shout uncontrollably at
                  | your foes. [potion of mutation]
  5899 | D        | Lost mutation: You are clumsy. (Dex -2) [potion of
                  | mutation]
  5900 | D        | Lost mutation: You occasionally shout uncontrollably at
                  | your foes. [potion of mutation]
  5900 | D        | Lost mutation: Your body sometimes deteriorates upon taking
                  | damage. [potion of mutation]
  5900 | D        | Lost mutation: You do not regenerate when monsters are
                  | visible. [potion of mutation]
  5900 | D        | Lost mutation: You expend magic power (3 MP) to strengthen
                  | your wands. [potion of mutation]
  5900 | D        | Gained mutation: You have a pair of small antennae on your
                  | head. [potion of mutation]
  5900 | D        | Gained mutation: You are frail. (-10% HP) [potion of
                  | mutation]
  5900 | D        | Gained mutation: Your flesh is cold resistant. (rC+)
                  | [potion of mutation]
  5900 | D        | Gained mutation: You passively map a small area around you.
                  | [potion of mutation]
  5901 | D        | Lost mutation: You are frail. (-10% HP) [potion of
                  | mutation]
  5901 | D        | Lost mutation: Your flesh is cold resistant. (rC+) [potion
                  | of mutation]
  5901 | D        | Gained mutation: Your mind is acute. (Int +2) [potion of
                  | mutation]
  5901 | D        | Gained mutation: You have an increased reservoir of magic.
                  | (+10% MP) [potion of mutation]
  5942 | D        | Noticed a quicksilver dragon
  5945 | D        | Killed a quicksilver dragon
  6021 | D        | Noticed a quicksilver dragon
  6024 | D        | Killed a quicksilver dragon
  6025 | D        | Noticed a quicksilver dragon
  6026 | D        | Identified Sif Muna's Almanac of Fetching Envenoming (Sif
                  | Muna gifted it to you in the Dungeon)
  6026 | D        | Received a gift from Sif Muna
  6036 | D        | Killed a quicksilver dragon
  6291 | D        | Noticed Murray
  6294 | D        | Killed Murray
  6294 | D        | Identified Udubuh's Disquisition on Combat Magic and
                  | Darkness (Sif Muna gifted it to you in the Dungeon)
  6294 | D        | Received a gift from Sif Muna
  6371 | D        | Got the Orb of Zot
  6456 | D        | Noticed Zuze the pandemonium lord
  6456 | D        | Noticed a Tzitzimitl
  6475 | D        | Escaped with the Orb!

Vault maps used:
D:        the_violet_keep_of_menkaure

Skill      XL: |  1  2  3  4  5  6  7  8  9 10 11 12 13 14 15 16 |
---------------+-------------------------------------------------+-----
Spellcasting   | 5 6 7 9 11 12 14 16 18 19 21 | 21.2
Earth Magic    | 8 10 11 13 14 15 17 19 20 | 20.2
Fighting       | 10 | 10.5
Invocations    | 3 14 | 14.1
Conjurations   | 10 19 20 21 | 21.6
Dodging        | 7 17 | 17.2
Stealth        | |  2.1
Transmutations | |  0.7

Action                   |  1- 3 |  4- 6 |  7- 9 | 10-12 | 13-15 | 16-18 || total
-------------------------+-------+-------+-------+-------+-------+-------++-------
Melee: Unarmed           |     7 |    13 |       |       |       |       ||    20
       Staff             |       |       |       |       |       |     2 ||     2
 Cast: Sandblast         |       |    12 |    11 |     1 |       |       ||    24
       Lee's Rapid Decon |       |       |     7 |    74 |    43 |     2 ||   126
       Stone Arrow       |       |       |     2 |     4 |    33 |     2 ||    41
       Borgnjor's Vile C |       |       |       |     1 |     7 |       ||     8
       Iron Shot         |       |       |       |       |    53 |    16 ||    69
       Conjure Ball Ligh |       |       |       |       |     5 |     2 ||     7
       Lehudib's Crystal |       |       |       |       |       |     3 ||     3
Invok: Divine Energy     |       |       |       |     1 |       |       ||     1
       Channel Magic     |       |       |       |       |     2 |       ||     2
 Abil: Evoke Flight      |       |       |       |     1 |       |       ||     1
       Fly               |       |       |       |       |     1 |       ||     1
  Use: Potion            |     1 |       |     1 |     1 |     3 |     8 ||    14
       Scroll            |       |       |       |     1 |     6 |     1 ||     8
  Eat: Chunk             |       |       |       |     6 |     7 |       ||    13
       Ration            |       |       |       |     2 |     2 |     2 ||     6
Armor: Robe              |       |     6 |     3 |     4 |       |       ||    13
       Troll leather arm |       |       |       |    15 |    14 |     4 ||    33
Dodge: Dodged            |     1 |     6 |     7 |    38 |    44 |    10 ||   106

Table legend:
 A = Non-vault XP
 B = Vault XP
 C = Vault XP percentage of total XP
 D = Non-vault monster count
 E = Vault monster count
 F = Vault count percentage of total count
                 A         B        C        D         E       F
            +---------+---------+-------+---------+---------+-------
      Total |    2632 |  110783 |  97.7 |       2 |     162 |  98.8
            +---------+---------+-------+---------+---------+-------
          D |    2632 |  110783 |  97.7 |       2 |     162 |  98.8
            +---------+---------+-------+---------+---------+-------
